 Dungeon Crawl Stone Soup version 0.30-a0-1075-gcd70e7a56d (webtiles) character file.

Game seed: 1306321374891922750

2418 kae the Changer (level 9, -4/70 HPs)
             Began as a Demonspawn Transmuter on Apr 14, 2023.
             Was a Follower of Ru.
             Slain by an ogre
             ... wielding a +0 giant club
              (19 damage)
             ... on level 7 of the Dungeon.
             The game lasted 00:08:49 (6277 turns).

kae the Changer (Demonspawn Transmuter)             Turns: 6277, Time: 00:08:49

Health: -4/70      AC:  8    Str: 12    XL:     9   Next: 24%
Magic:  16/16      EV: 10    Int: 18    God:    Ru [*.....]
Gold:   324        SH:  4    Dex: 13    Spells: 8/18 levels left

rFire   x . .      SeeInvis +      - Unarmed
rCold   + + +      Faith    .    (shield currently unavailable)
rNeg    . . .      Spirit   .    F - melded +2 robe
rPois   +          Reflect  .    (helmet currently unavailable)
rElec   .          Rampage  .    (cloak currently unavailable)
rCorr   .                        (gloves currently unavailable)
Will    +....                    (boots currently unavailable)
Stlth   +                        (no amulet)
HPRegen 0.31/turn                v - ring of see invisible
MPRegen 0.30/turn                m - ring of willpower

@: ice-form
A: freezing attack, amphibious, boosted hp, large, (claws 2), (horns 1), magic
regeneration, inability to train armour, condensation shield
a: End Transformation, Renounce Religion


You were on level 7 of the Dungeon.
You worshipped Ru.
Ru was aware of your devotion.
You were a creature of crystalline ice.
You visited 1 branch of the dungeon, and saw 7 of its levels.
You also visited: Sewer.

You collected 324 gold pieces.


Innate Abilities, Weirdness & Mutations

You are a creature of crystalline ice.
You have a powerful freezing melee attack.
You are amphibious.
Your maximum health is increased.
Your armour is entirely melded.
You are incapable of wielding weapons or throwing items.
((You have very sharp fingernails.))
((You have a pair of small horns on your head.))
You regenerate magic rapidly.
You cannot train Armour skill.
A meltable shield of frost defends you. (SH +4)


   Skills:
 - Level 1.0 Fighting
 - Level 1.7 Dodging
 + Level 5.6 Unarmed Combat
 + Level 5.2 Spellcasting
 * Level 7.1 Transmutations
 - Level 5.0 Ice Magic
 - Level 2.5 Poison Magic


You had 8 spell levels left.
You knew the following spells:

 Your Spells              Type           Power      Damage    Failure   Level
a - Beastly Appendage     Tmut           60%        N/A       1%          1
b - Wereblood             Tmut           30%        N/A       1%          2
c - Spider Form           Tmut/Pois      22%        N/A       5%          3
d - Ice Form              Ice/Tmut       26%        N/A       11%         4

Your spell library contained the following spells:

 Spells                   Type           Power      Damage    Failure   Level
 Ensorcelled Hibernation  Hex/Ice        26%        N/A       7%          2
 Sublimation of Blood     Necr           4%         N/A       21%         2
 Petrify                  Tmut/Erth      17%        N/A       30%         4
 Stone Arrow              Conj/Erth      8%         3d7       36%         3
 Anguish                  Hex/Necr       2%         N/A       78%         4
 Animate Armour           Summ/Erth      8%         N/A       78%         4
 Metabolic Englaciation   Hex/Ice        6%         N/A       78%         5
 Statue Form              Tmut/Erth      11%        N/A       99%         6
 Summon Hydra             Summ           2%         N/A       100%        7
 Lehudib's Crystal Spear  Conj/Erth      2%         10d2      100%        8

Inventory:

Missiles
 f - 49 stones
 n - 5 boomerangs
Armour
 i - a +0 troll leather armour {Pargi}
   (You found it in a sewer)
 F - a +2 robe (melded)
   (You took it off Dowan on level 6 of the Dungeon)
Jewellery
 m - a ring of willpower (right front paw)
   (You found it on level 3 of the Dungeon)
 t - a ring of willpower
   (You found it on level 4 of the Dungeon)
 v - a ring of see invisible (left front paw)
   (You found it on level 5 of the Dungeon)
 P - a ring of poison resistance
   (You found it on level 5 of the Dungeon)
Wands
 q - a wand of quicksilver (19)
   (You found it on level 3 of the Dungeon)
 A - a wand of flame (41)
   (You found it on level 5 of the Dungeon)
Scrolls
 c - 3 scrolls of teleportation {@r4}
 r - a scroll of brand weapon {unknown}
 s - 2 scrolls of immolation {!r!r}
 x - 2 scrolls of fear {unknown}
 y - a scroll of vulnerability {unknown}
 B - a scroll of noise {unknown}
 D - a scroll of poison {!r}
 E - a scroll of identify {@r1}
Potions
 b - a potion of lignification {!q}
 d - a potion of heal wounds {@q2}
 e - a potion of ambrosia
 g - 3 potions of curing {@q1}
 h - a potion of mutation {!q}
 j - a potion of magic
 k - a potion of attraction {unknown}
 l - a potion of degeneration {!q}
 o - 3 potions of invisibility {unknown}
 u - a potion of berserk rage {unknown}
 w - a potion of haste {unknown}
 z - 3 potions of flight {unknown}
 C - a potion of brilliance
Miscellaneous
 p - a piece from Xom's chessboard (15/15)
   (You found it on level 3 of the Dungeon)

Dungeon Overview and Level Annotations

Branches:
Dungeon (7/15) Zot: 26448  Temple (0/1) D:4           Sewer (visited)

Altars:
Dithmenos
Fedhas
Gozag
Nemelex Xobeh
Okawaru
Ru
Trog
Uskayaw
Wu Jian
Xom

Shops:
D:6 *

Annotations:
D:6 3 runed translucent doors, Reshi88's ghost, amateur TrWr

#+#...###...#######.#
#...# + +..###.....##
#.# ##.## #
#.......#...# #.# .#
........#####.## #.##
.. .....#...# #..##
#..# .. .....#...#
##..##...##.
......##.#
##.##....... ......
.####...).....#
...###
.##....oYO....# ...
.......).†.....#
.........o.....##
................#
.................
.................
..........[..#..
............#..


You could see an orc warrior, an ogre and an orc.


Message History

You warm up again.
Your +2 robe unmelds from your body.
An orc comes into view. It is wielding a +0 short sword.
The orc shouts! 😎 HP[-11]
You now have 59 max hp (-11).
An orc is nearby!
An orc is nearby!
An orc is nearby!
An orc is nearby!
Casting: Ice Form (dangerous; 11% risk of failure)
Confirm with . or Enter, or press ? or * to list all spells.
You turn into a creature of crystalline ice.
Your +2 robe melds into your body.
An orc wizard comes into view. It is wielding a +0 dagger.
A scorpion comes into view.
An orc comes into view. It is wielding a +0 hand axe.
The orc wizard casts a spell at you.
The magic dart hits you. 😕 HP[+10] MP[-4]
You now have 70 max hp (+11).
You regained 10 hp, and now have 69/70 hp.
You lost 4 mp, and now have 12/16 mp.
The orc is stunned by your conviction and fails to attack.
You barely miss the orc.
The orc barely misses you. 😎 HP[+1] MP[+1]
Your hp is fully restored (70).
There are monsters nearby!
You punch the orc! You freeze the orc.
You kill the orc!
An orc warrior comes into view. It is wielding a +0 trident.
The scorpion stings you but does no damage.
The scorpion barely misses you.
There are monsters nearby!
You punch the scorpion! You freeze the scorpion.
An ogre comes into view. It is wielding a +0 giant club.
The orc hits you with a +0 hand axe.
The orc wizard hits you with a +0 dagger.
The scorpion barely misses you.
The ogre shouts!
You punch the scorpion! You freeze the scorpion.
You kill the scorpion!
An orc comes into view. It is wielding a +0 flail.
You redirect the orc wizard's attack!
The orc wizard closely misses itself. 😕 HP[-4] MP[+1]
You take 4 damage, and now have 66/70 hp.
You punch the orc wizard! You freeze the orc wizard.
The orc hits you but does no damage. The orc wizard closely misses you.
You punch the orc wizard! You freeze the orc wizard.
You kill the orc wizard!
The orc hits you with a +0 hand axe.
The orc warrior barely misses you. 😕 HP[-2] MP[+1]
You take 2 damage, and now have 64/70 hp.
You barely miss the orc. The orc hits you but does no damage.
The orc warrior hits you from afar with a +0 trident.
You barely miss the orc. 😕 HP[-1]
You take 1 damage, and now have 63/70 hp.
You punch the orc! You freeze the orc.
You kill the orc!
The orc warrior hits you from afar with a +0 trident!
You completely miss the ogre. You block the ogre's attack.
The orc warrior hits you from afar with a +0 trident. 😮 HP[-14] MP[+1]
You take 14 damage, and now have 49/70 hp.
Your mp is fully restored (16).
You are too injured to fight recklessly!
You are too injured to fight recklessly!
You are too injured to fight recklessly!
You are too injured to fight recklessly!
You are too injured to fight recklessly!
You are too injured to fight recklessly!
You punch the ogre! You freeze the ogre.
The orc warrior hits you but does no damage.
The ogre hits you with a +0 giant club!!
* * * LOW HITPOINT WARNING * * *
😨 HP[-18]
You take 18 damage, and now have 31/70 hp.
MASSIVE DAMAGE!! (PAUSE)
You hit the ogre but do no damage. The orc warrior barely misses you.
Unknown command.
You hit the ogre but do no damage. The ogre closely misses you.
You block the orc's attack.
The orc warrior hits you from afar with a +0 trident!
* * * LOW HITPOINT WARNING * * *
😨 HP[-10]
You take 10 damage, and now have 21/70 hp.
Unknown command.
You hit the ogre. You freeze the ogre. The orc hits you with a +0 flail.
* * * LOW HITPOINT WARNING * * *
The orc warrior hits you from afar with a +0 trident.
* * * LOW HITPOINT WARNING * * *
😱 HP[-6]
You take 6 damage, and now have 15/70 hp.
Unknown command.
Okay, then.
The ogre attacks as you move away!
The ogre hits you with a +0 giant club!!
You die...

Skill      XL: |  1  2  3  4  5  6  7  8  9 |
---------------+----------------------------+-----
Transmutations | 2 3 4 5 6 7 |  7.1
Unarmed Combat | 3 4 5 |  5.6
Poison Magic   | 1 2 |  2.5
Spellcasting   | 3 4 5 |  5.2
Ice Magic      | 1 3 5 |  5.0
Fighting       | |  1.0
Dodging        | |  1.7

Action                     |  1- 3 |  4- 6 |  7- 9 || total
---------------------------+-------+-------+-------++-------
  Melee: Unarmed           |    95 |   143 |   283 ||   521
         Kick              |    23 |     6 |       ||    29
         Headbutt          |     6 |     4 |     2 ||    12
         Punch             |       |     1 |     1 ||     2
   Cast: Beastly Appendage |    17 |    10 |       ||    27
         Spider Form       |     2 |    18 |    20 ||    40
         Wereblood         |       |     2 |     8 ||    10
         Ice Form          |       |       |    11 ||    11
 Invoke: Sacrifice Durabil |       |       |     1 ||     1
Ability: End Transformatio |       |     2 |     2 ||     4
    Use: Scroll            |     2 |     8 |     3 ||    13
         Potion            |       |       |     3 ||     3
   Stab: Sleeping          |     1 |       |     1 ||     2
 Armour: Robe              |    15 |     2 |       ||    17
         Skin              |       |     4 |    35 ||    39
         Troll leather arm |       |     9 |     8 ||    17
  Dodge: Dodged            |    57 |   116 |   153 ||   326
  Block: Other             |    14 |    32 |    47 ||    93

Levels and vault maps discovered:
D:1:      minmay_arrival_radiant_lines, layout_loops_ring
D:2:      layout_loops_cross, serial_aquarium, aquarium_bridge_long_joined
          [aquarium_subvault_bridge, aquarium_subvault_wall,
          aquarium_subvault_window, aquarium_subvault_window,
          aquarium_subvault_window, aquarium_subvault_window],
          aquarium_window_2, aquarium_window_2, aquarium_view_2g,
          aquarium_view_2b, aquarium_balcony_1b,
          shapermc_ecumenical_altar_mp_vishouse, minmay_hexomino_r4,
          uniq_jessica
D:3:      layout_basic, nicolae_wu_jian_wuxing_cycle, xom_butterflies,
          nicolae_ru_awakened_eye, cheibrodos_sewer_entry_drain,
          grunt_ministairs_12
D:4:      layout_rooms, lemuel_coloured_pillars_altar,
          mainiacjoe_overflow_large_starburst, minmay_temple_entry_slanted,
          nicolae_hexahallways, uniq_sigmund
D:5:      layout_basic, trog_butcher_becter,
          nicolae_dithmenos_through_a_glass_darkly, nrook_mini_vaults
D:6:      layout_cave_pools, nicolae_gozag_zags_fifth_avenue,
          ebering_ghost_rock_garden, uniq_duvessa, uniq_maggie
D:7:      layout_cave_pools, kennysheep_mini_moat, minmay_crystal_water,
          dreamdust_gnoll_farm

Notes
Turn   | Place    | Note
-------+----------+-------------------------------------------
     0 | D:1      | kae the Demonspawn Transmuter began the quest for the Orb.
     0 | D:1      | Reached XP level 1. HP: 15/15 MP: 3/3
     0 | D:1      | magus.rc [v1.11.3]
    50 | D:1      | Reached skill level 2 in Transmutations
   229 | D:1      | Gained mutation: A meltable shield of frost defends you.
                  | (SH +4) [demonic ancestry]
   229 | D:1      | Reached XP level 2. HP: 21/21 MP: 3/5
   390 | D:1      | Reached skill level 3 in Unarmed Combat
   535 | D:1      | Reached XP level 3. HP: 23/26 MP: 4/6
   538 | D:1      | Learned a level 2 spell: Wereblood
   542 | D:1      | Learned a level 3 spell: Spider Form
   591 | D:1      | You pick up a book of Dreams and begin reading...
   591 | D:1      | You add the spells Ensorcelled Hibernation and Anguish to
                  | your library.
   829 | D:2      | Noticed Jessica
   835 | D:2      | Killed Jessica
   865 | D:2      | You pick up a book of Blood and begin reading...
   865 | D:2      | You add the spells Sublimation of Blood and Summon Hydra to
                  | your library.
  1187 | D:2      | Reached skill level 1 in Poison Magic
  1250 | D:2      | Gained mutation: You regenerate magic rapidly. [demonic
                  | ancestry]
  1250 | D:2      | Reached XP level 4. HP: 32/32 MP: 3/7
  1363 | D:2      | Found a hide-covered altar of Uskayaw.
  1530 | D:2      | Found a faded altar of an unknown god.
  1803 | D:3      | Found a glowing drain.
  1815 | D:3      | Reached skill level 3 in Transmutations
  1841 | Sewer    | Entered a sewer
  1951 | Sewer    | Noticed Pargi
  1962 | Sewer    | Killed Pargi
  1963 | Sewer    | Reached skill level 2 in Poison Magic
  1963 | Sewer    | You feel monstrous as your demonic heritage exerts itself.
  1963 | Sewer    | Discovered your monstrous ancestry.
  1963 | Sewer    | Gained mutation: You have a pair of small horns on your
                  | head. [demonic ancestry]
  1963 | Sewer    | Reached XP level 5. HP: 36/37 MP: 5/9
  2039 | D:3      | Found an ornate altar of the Wu Jian Council.
  2105 | D:3      | Reached skill level 3 in Spellcasting
  2166 | D:3      | Identified the +0 robe of Seufusettu {rElec}
  2205 | D:3      | Found a shimmering altar of Xom.
  2246 | D:3      | Found a sacrificial altar of Ru.
  2261 | D:3      | Became a worshipper of Ru the Awakened
  2295 | D:3      | Gained mutation: You have sharp fingernails. [demonic
                  | ancestry]
  2295 | D:3      | Reached XP level 6. HP: 32/43 MP: 7/10
  2623 | D:4      | Found a staircase to the Ecumenical Temple.
  2667 | D:4      | Reached skill level 4 in Transmutations
  2713 | D:4      | Learned a level 4 spell: Ice Form
  3056 | D:4      | Found a blossoming altar of Fedhas.
  3203 | D:4      | Found a sparkling altar of Nemelex Xobeh.
  3204 | D:4      | Noticed Sigmund
  3560 | D:4      | Killed Sigmund
  3561 | D:4      | Reached skill level 1 in Ice Magic
  3561 | D:4      | Reached XP level 7. HP: 27/48 MP: 9/12
  3587 | D:4      | Found an iron altar of Okawaru.
  3608 | D:5      | Entered Level 5 of the Dungeon
  3675 | D:5      | Reached skill level 4 in Unarmed Combat
  3675 | D:5      | Reached skill level 2 in Ice Magic
  3707 | D:5      | You pick up a book of Sloth and begin reading...
  3707 | D:5      | You add the spells Petrify, Metabolic Englaciation and
                  | Statue Form to your library.
  4035 | D:5      | Found a bloodstained altar of Trog.
  4219 | D:5      | Found a shadowy altar of Dithmenos.
  4334 | D:5      | Reached skill level 5 in Transmutations
  4348 | D:5      | Reached skill level 3 in Ice Magic
  4395 | D:5      | HP: 12/48 [orc priest/+0 short sword (3)]
  4397 | D:5      | Reached skill level 4 in Spellcasting
  4448 | D:5      | You pick up a book of Armaments and begin reading...
  4448 | D:5      | You add the spells Stone Arrow, Animate Armour and
                  | Lehudib's Crystal Spear to your library.
  4515 | D:5      | HP: 7/48 [acid (10)]
  4780 | D:6      | Reached XP level 8. HP: 38/54 MP: 11/14
  4880 | D:6      | Noticed Maggie
  4888 | D:6      | Gained mutation: You cannot train Armour skill. [Ru
                  | sacrifice]
  4888 | D:6      | Reached * piety under Ru
  4892 | D:6      | Noticed Duvessa
  4892 | D:6      | Noticed Dowan
  4901 | D:6      | Killed Duvessa
  4902 | D:6      | HP: 12/64 [Dowan/puff of flame (7)]
  4911 | D:6      | Killed Dowan
  5009 | D:6      | Reached skill level 4 in Ice Magic
  5045 | D:6      | Killed Maggie
  5046 | D:6      | Reached skill level 6 in Transmutations
  5165 | D:6      | Found an opulent altar of Gozag.
  5165 | D:6      | Found Gozag's Platinum Reserve.
  5300 | D:6      | Found a runed translucent gate.
  5301 | D:6      | Found a runed translucent gate.
  5303 | D:6      | Found a runed translucent gate.
  5304 | D:6      | Noticed Reshi88's ghost (amateur TrWr)
  5323 | D:6      | Reached skill level 5 in Unarmed Combat
  5647 | D:6      | Reached skill level 5 in Ice Magic
  5758 | D:7      | Gained mutation: You have very sharp fingernails. [demonic
                  | ancestry]
  5758 | D:7      | Reached XP level 9. HP: 57/59 MP: 11/16
  5765 | D:6      | HP: 15/70 [orc warrior/+0 war axe (9)]
  6061 | D:7      | Reached skill level 5 in Spellcasting
  6149 | D:7      | Reached skill level 7 in Transmutations
  6276 | D:7      | HP: 15/70 [orc warrior/+0 trident (4)]
  6277 | D:7      | Slain by an ogre

Vanquished Creatures
  Maggie (D:6)
  Sigmund (D:4)
  Duvessa (D:6)
  A black bear (D:6)
  An ice beast (D:7)
  Pargi (Sewer)
  2 orc warriors
  2 ogres
  A phantom (D:5)
  3 scorpions
  Dowan (D:6)
  3 hounds (D:6)
  4 orc priests
  A gnoll bouda (D:5)
  5 jellies
  Jessica (D:2)
  5 iguanas
  A sleepcap (D:6)
  5 orc wizards
  7 gnolls
  4 adders
  A shadow imp (D:6)
  3 white imps
  2 ufetubi (D:4)
  5 worms
  A dart slug (D:4)
  23 orcs
  9 bats
  13 endoplasms
  8 giant cockroaches
  3 goblins
  9 hobgoblins
  3 quokkas
  7 ball pythons
  2 frilled lizards (D:5)
  10 kobolds
  6 rats
156 creatures vanquished.

Table legend:
 A = Non-vault XP
 B = Vault XP
 C = Vault XP percentage of total XP
 D = Non-vault monster count
 E = Vault monster count
 F = Vault count percentage of total count
                 A         B        C        D         E       F
            +---------+---------+-------+---------+---------+-------
      Total |    2401 |    1054 |  30.5 |     135 |      21 |  13.5
            +---------+---------+-------+---------+---------+-------
        D:1 |      45 |       0 |   0.0 |      26 |       0 |   0.0
        D:2 |      30 |      46 |  60.5 |      15 |       4 |  21.1
        D:3 |     120 |      41 |  25.5 |      17 |       4 |  19.0
        D:4 |      92 |     231 |  71.5 |      15 |       1 |   6.2
        D:5 |     648 |       7 |   1.1 |      21 |       4 |  16.0
        D:6 |     939 |     593 |  38.7 |      26 |       3 |  10.3
        D:7 |     527 |       0 |   0.0 |      15 |       0 |   0.0
      Sewer |       0 |     136 | 100.0 |       0 |       5 | 100.0
            +---------+---------+-------+---------+---------+-------

Illustrated notes

Table legend:
 A = Kills in this place as a percentage of kills in the entire game.
 B = Kills by you in this place as a percentage of kills by you in the entire game.
 C = Kills by friends in this place as a percentage of kills by friends in the entire game.
 D = Other kills in this place as a percentage of other kills in the entire game.
 E = Experience gained in this place as a percentage of experience gained in the entire game.
 F = Experience gained in this place divided by the number of levels of this place that you have seen.
                   A       B       C       D       E      F
               +-------+-------+-------+-------+-------+----------------------
         Total | 100.0 | 100.0 |   N/A |   N/A | 100.0 | 431.9
       Dungeon |  96.8 |  96.8 |   N/A |   N/A |  96.1 | 474.1
         Sewer |   3.2 |   3.2 |   N/A |   N/A |   3.9 | 136.0
               +-------+-------+-------+-------+-------+----------------------

Table legend: (Time is in decaauts)
 A = Elapsed time spent in this place.
 B = Non-inter-level travel time spent in this place.
 C = Inter-level travel time spent in this place.
 D = Time resting spent in this place.
 E = Time spent auto-exploring this place.
 F = Levels seen in this place.
 G = Mean time per level.
                   A        B        C        D        E       F      G
               +--------+--------+--------+--------+--------+-----+--------+
         Total |   6243 |   6100 |    143 |    335 |   4450 |   8 |  780.4 |
       Dungeon |   6055 |   5912 |    143 |    335 |   4323 |   7 |  865.0 |
         Sewer |    187 |    187 |      0 |      0 |    127 |   1 |  187.0 |
               +--------+--------+--------+--------+--------+-----+--------+

Top non-repeatable levels by time:
     D:6: 1256 daAuts
     D:5: 1144 daAuts
     D:4: 1019 daAuts
     D:2: 1010 daAuts
     D:1: 768 daAuts
     D:3: 612 daAuts
     D:7: 245 daAuts
   Sewer: 187 daAuts
